 Dungeon Crawl Stone Soup version 0.18.1-47-g9310371 (webtiles) character file.

64656 Gargoyl the Tortoise (level 14, -11/114 HPs)
             Began as a Demonspawn Abyssal Knight on June 19, 2016.
             Was the Champion of Lugonu.
             Shot with an arrow by a deep elf archer (13 damage)
             ... on level 1 of the Elven Halls on June 20, 2016.
             The game lasted 01:23:10 (36629 turns).

Gargoyl the Tortoise (Demonspawn Abyssal Knight)   Turns: 36629, Time: 01:23:11

Health: -11/114    AC: 23    Str: 26 (28) XL:     14   Next: 72%
Magic:  0/19       EV:  6    Int: 15      God:    Lugonu [******]
Gold:   727        SH:  8    Dex:  9 (10) Spells: 0 memorised, 13 levels left

rFire  . . .     SeeInvis .     H - +6 broad axe
rCold  + + .     Gourm    .     D - +0 plate armour
rNeg   . . .     Faith    .     q - +0 shield
rPois  +         Spirit   +     X - +1 hat
rElec  +         Dismiss  .     U - +1 cloak of the Saviour {+Fly rC++ Str+3}
rCorr  .         Reflect  .     e - +2 pair of gloves {Str+3}
SustAt .         Harm     .     (boots unavailable)
MR     ++...     Rnd*Tele +     W - amulet of rage
Stlth  ..........               z - ring of protection from magic
                                g - ring of poison resistance

@: mighty, very slightly contaminated, hasted, very heavily drained, very quick,
very resistant to hostile enchantments, extremely unstealthy
A: claws 2, horns 1, talons 3, slimy green scales 1, clumsy 1, deterioration 1,
powered by pain 2, electricity resistance, teleportitis 1, wild magic 1, magic
shield, magic regeneration, magic link, MP-powered wands, sturdy frame 1
a: Depart the Abyss, Bend Space, Banish, Corrupt, Enter the Abyss, Brand Weapon
With Distortion, Renounce Religion, Evoke Berserk Rage, Evoke Flight


You were on level 1 of the Elven Halls.
You worshipped Lugonu.
Lugonu was exalted by your worship.
You were hungry.

You visited 4 branches of the dungeon, and saw 25 of its levels.
You visited the Abyss 3 times.
You visited 1 bazaar.
You also visited: Sewer.

You collected 1222 gold pieces.
You spent 495 gold pieces at shops.

Inventory:

Hand Weapons
 s - a +0 flail of venom
 H - a +6 broad axe (weapon)
 T - a +2 flail of crushing
Missiles
 r - 6 poisoned tomahawks
 A - 8 steel tomahawks (quivered)
Armour
 e - a +2 pair of gloves of strength (worn)
 q - a +0 shield (worn)
 D - a +0 plate armour (worn)
 U - the +1 cloak of the Saviour (worn) {+Fly rC++ Str+3}
   (You bought it in a shop in a bazaar)

   It affects your strength (+3).
   It greatly protects you from cold.
   It lets you fly.
 X - a +1 hat (worn)
Jewellery
 d - an uncursed ring of see invisible
 g - a ring of poison resistance (left hand)
 l - an uncursed ring of positive energy
 m - an uncursed ring of flight
 v - an uncursed ring of magical power
 z - a ring of protection from magic (right hand)
 G - an uncursed ring of sustain attributes
 W - an amulet of rage (around neck)
Wands
 a - a wand of heal wounds (0/9)
 b - a wand of random effects (8/48)
 k - a wand of teleportation (4/9)
 x - a wand of digging (11/24)
 y - a wand of lightning (9/15)
 P - a wand of disintegration (0/24)
Scrolls
 o - a scroll of recharging
 L - 11 scrolls of remove curse
 R - a scroll of identify
Potions
 i - a potion of flight
 j - a potion of cancellation
Books
 f - a book of Power

   Spells                             Type                      Level
   a - Fulminant Prism                Conjuration/Hexes            4
   b - Iskenderun's Mystic Blast      Conjuration                  4
   c - Venom Bolt                     Conjuration/Poison           5
   d - Bolt of Magma                  Conjuration/Fire/Earth       5
   e - Iron Shot                      Conjuration/Earth            6
   f - Orb of Destruction             Conjuration                  7
   g - Spellforged Servitor           Conjuration/Summoning        7
Miscellaneous
 w - a box of beasts
 S - an ornate deck of defence {drawn: 2}
Comestibles
 c - 7 bread rations
 h - a beef jerky
 p - 7 slices of pizza
 t - 4 meat rations


   Skills:
 + Level 11.8(7.2) Fighting
 + Level 12.3(7.7) Axes
 + Level 0.5(3.8) Maces & Flails
 * Level 15.2(10.2) Armour
 + Level 6.1(2.2) Dodging
 + Level 1.2(0.0) Stealth
 + Level 4.1(0.3) Shields
 + Level 7.2(3.1) Invocations
 + Level 1.5(0.0) Evocations


You had 13 spell levels left.
You didn't know any spells.

Dungeon Overview and Level Annotations

Branches:
Dungeon (14/15)            Temple (0/1) D:4            Lair (6/8) D:8
  Swamp (0/4) Lair:3        Snake (0/4) Lair:4          Orc (2/2) D:11
    Elf (3/3) Orc:2        Vaults (0/5) D:14
  Slime: Lair:6-8

Altars:
Ashenzari
Dithmenos
Elyvilon
Gozag
Kikubaaqudgha
Nemelex Xobeh
Okawaru
Xom
Yredelemnul
Zin
Beogh

Shops:
D:4 [   D:11 [

Annotations:
Abyss:1 Gastronok, Joseph, Snorg, Sonja


Innate Abilities, Weirdness & Mutations

You have claws for feet.
You are partially covered in slimy green scales (AC +2).
You sometimes gain power by taking damage.
When hurt, damage is shared between your health and your magic reserves.
You regenerate magic rapidly.
When low on magic, you restore magic in place of health.
You have very sharp fingernails.
You have a pair of small horns on your head.
You are clumsy. (Dex -2)
Your body sometimes deteriorates upon taking damage.
You are resistant to electric shocks.
You are occasionally teleported next to monsters.
Your spells are a little harder to cast, but a little more powerful.
You expend magic power (3 MP) to strengthen your wands.
Your movements are slightly less encumbered by armour (ER -2).


Message History

* * * LOW HITPOINT WARNING * * *
You feel slightly more hungry.
The deep elf archer casts a spell at you.
You resist with almost no effort.
Found 19 gold pieces.
Unknown command.
Drink which item? (? for menu, Esc to quit)
You feel yourself speed up.
The deep elf archer shoots an arrow.
The arrow hits you!
* * * LOW HITPOINT WARNING * * *
The deep elf mage casts a spell at you. The bolt of magma misses you.
The deep elf archer shoots an arrow.
The arrow hits you!
* * * LOW HITPOINT WARNING * * *
You are very lightly contaminated with residual magic.
Read which item? (? for menu, Esc to quit)
As you read the scroll of fog, it crumbles to dust.
The scroll dissolves into smoke.
The deep elf archer shoots an arrow.
The arrow hits you!
You die...

#. #$ .###.#
#.....#
#......## #
###.....§.##.#
....e..§§§#.#
#......§@§#.#
#......§§§#.#
#..[...§##.#
##.e..e## #
#..).# #.#§#
#.# #/#E# #.#
#####:#># #.#
......#(# #.#


You could see 2 deep elf archers and a deep elf mage.

Vanquished Creatures
  Josephine (D:14)
  A naga warrior (Lair:3)
  Harold (D:11)
  Erica (Lair:2)
  The ghost of Leafly the Blocker, a journeyman DsFi of Okawaru (D:13)
  2 centaur warriors (D:13)
  2 hydras
  A dancing weapon (Elf:3)
  A hell hog (shapeshifter) (D:14)
  A tengu warrior (D:14)
  A deep elf knight (Elf:2)
  The ghost of Anmu the Shield-Bearer, a novice FoFi of Okawaru (D:6)
  2 unseen horrors
  7 hill giants
  Pikel (D:7)
  The ghost of Vincendra the Chopper, a novice MiBe of Trog (D:7)
  A wolf spider zombie (D:14)
  3 orc knights
  A lindwurm (D:14)
  12 ugly things
  7 deep elf magi
  An orc sorcerer (Orc:2)
  A griffon (D:13)
  3 cyclopes
  2 manticores
  A centaur zombie (D:9)
  3 black mambas
  2 molten gargoyles (Lair:6)
  7 spiny frogs
  A spiny frog (shapeshifter) (D:14)
  6 komodo dragons
  5 trolls
  A wind drake (shapeshifter) (Elf:1)
  5 blink frogs (Lair:6)
  A two-headed ogre (Orc:2)
  An air elemental (Elf:1)
  A vampire (D:11)
  A shadow (D:13)
  A water elemental (D:13)
  5 wraiths
  30 yaks
  A hungry ghost (D:12)
  6 vampire mosquitoes
  A basilisk (Lair:1)
  3 nagas
  9 hippogriffs
  3 wargs
  5 swamp worms
  2 mottled dragons (D:14)
  A soldier ant (D:13)
  10 water moccasins
  Purgy (Sewer)
  8 porcupines
  A swamp drake (D:8)
  5 ice beasts
  20 orc warriors
  7 sky beasts
  A wasp (D:12)
  14 ogres
  4 phantoms
  2 black bears
  A slave (D:7)
  An eye of draining (D:9)
  6 wolves (Lair:4)
  13 centaurs
  16 crocodiles
  7 big kobolds
  15 giant frogs
  An earth elemental (Elf:2)
  A wyvern skeleton (D:6)
  6 scorpions
  9 killer bees (D:10)
  6 electric eels
  5 howler monkeys
  5 crimson imps
  5 lava snakes (Lair:6)
  A giant frog zombie (D:5)
  A hound (D:8)
  5 jellies
  14 orc priests
  2 centaur skeletons
  3 giant frog skeletons
  15 iguanas
  18 orc wizards
  4 hell rats (Lair:3)
  7 worker ants
  10 sheep
  2 hound skeletons
  3 worker ant zombies
  13 adders
  27 river rats
  3 shadow imps
  2 worms
  An adder skeleton (D:4)
  A dart slug (D:2)
  10 giant geckos
  65 orcs
  5 ball pythons
  6 giant cockroaches
  11 goblins
  8 hobgoblins
  6 jackals
  8 quokkas
  10 bats
  2 giant gecko skeletons
  7 giant newts
  29 kobolds
  12 rats
  4 fungi
643 creatures vanquished.

Vanquished Creatures (others)
  The ghost of Leafly the Carver, a journeyman DsFi of Okawaru (Lair:4)
  2 hydras
  The ghost of zervinho the Thaumaturge, a novice DrIE of Makhleb (D:10)
  The ghost of Gargoyl the Covered, a novice DsAK of Lugonu (D:8)
  A deep elf knight (Elf:1)
  A spiny frog (Lair:3)
  A komodo dragon (D:8)
  An electric eel (Lair:1)
  2 crimson imps
  A bush (Lair:1)
  5 fungi
  3 plants
20 creatures vanquished.

Grand Total: 663 creatures vanquished

Notes
Turn   | Place    | Note
--------------------------------------------------------------
     0 | Abyss:1  | Gargoyl the Demonspawn Abyssal Knight began the quest for the Orb.
     0 | Abyss:1  | Reached XP level 1. HP: 18/18 MP: 2/2
    71 | Abyss:2  | Found a corrupted altar of Lugonu.
    84 | Abyss:2  | Noticed a raiju
    85 | D:1      | Escaped the Abyss
   105 | D:1      | Reached * piety under Lugonu
   489 | D:1      | Reached skill level 1 in Dodging
   508 | D:1      | Gained mutation: You have sharp toenails. [demonic ancestry]
   508 | D:1      | Reached XP level 2. HP: 21/24 MP: 3/3
   796 | D:1      | Reached skill level 2 in Armour
  1319 | D:2      | Gained mutation: You sometimes gain a little power by taking damage. [demonic ancestry]
  1319 | D:2      | Reached XP level 3. HP: 28/29 MP: 5/5
  1680 | D:2      | Reached ** piety under Lugonu
  2055 | D:2      | Gained mutation: You have razor-sharp toenails. [demonic ancestry]
  2055 | D:2      | Reached XP level 4. HP: 36/36 MP: 6/6
  2094 | D:3      | Found a sparkling altar of Nemelex Xobeh.
  2156 | D:3      | Found an opulent altar of Gozag.
  2178 | D:3      | Found a basalt altar of Yredelemnul.
  2491 | D:3      | Reached skill level 3 in Armour
  2510 | D:3      | Found a shadowy altar of Dithmenos.
  2568 | D:3      | Gained mutation: You are partially covered in slimy green scales (AC +2). [demonic ancestry]
  2568 | D:3      | Reached XP level 5. HP: 29/42 MP: 7/7
  2689 | D:3      | Found a white marble altar of Elyvilon.
  2698 | D:3      | Reached *** piety under Lugonu
  2925 | D:3      | Found an ancient bone altar of Kikubaaqudgha.
  2925 | D:3      | Found an iron altar of Okawaru.
  2963 | D:4      | Noticed a phantom
  2996 | D:4      | Killed a phantom
  2996 | D:4      | Gained mutation: You sometimes gain power by taking damage. [demonic ancestry]
  2996 | D:4      | Reached XP level 6. HP: 33/48 MP: 8/8
  3103 | D:4      | Found a staircase to the Ecumenical Temple.
  3118 | D:4      | Reached skill level 4 in Armour
  3272 | D:4      | Found Xoenauna's Armour Boutique.
  3297 | D:4      | Bought a +0 pair of boots for 45 gold pieces
  3297 | D:4      | Bought a +0 chain mail for 45 gold pieces
  3589 | D:4      | Gained mutation: When hurt, damage is shared between your health and your magic reserves. [demonic ancestry]
  3589 | D:4      | Reached XP level 7. HP: 35/54 MP: 9/9
  4072 | D:5      | Entered Level 5 of the Dungeon
  4127 | D:5      | Reached skill level 5 in Armour
  4207 | D:5      | Found a shimmering altar of Xom.
  4252 | D:5      | Found a basalt altar of Yredelemnul.
  4775 | D:6      | HP: 2/55 [orc warrior/short sword (10)]
  5035 | D:6      | Found a glowing drain.
  5039 | Sewer    | Entered a sewer
  5135 | Sewer    | Noticed Purgy
  5164 | Sewer    | Killed Purgy
  5164 | Sewer    | Reached XP level 8. HP: 42/61 MP: 10/10
  5393 | D:6      | Noticed Anmu's ghost (novice FoFi)
  5524 | D:6      | Found a shattered altar of Ashenzari.
  5558 | D:6      | Reached skill level 6 in Armour
  6004 | D:7      | Noticed Pikel
  6052 | D:7      | Noticed Vincendra's ghost (novice MiBe)
  6143 | D:7      | Killed Vincendra's ghost
  6143 | D:7      | Reached skill level 5 in Fighting
  6143 | D:7      | Reached skill level 5 in Axes
  6143 | D:7      | Reached skill level 7 in Armour
  6272 | D:7      | Reached **** piety under Lugonu
  6390 | D:7      | Killed Pikel
  6390 | D:7      | Gained mutation: You regenerate magic rapidly. [demonic ancestry]
  6390 | D:7      | Reached XP level 9. HP: 62/68 MP: 11/11
  6814 | D:7      | Found a sparkling altar of Nemelex Xobeh.
  6846 | D:8      | Reached skill level 8 in Armour
  6963 | D:6      | Killed Anmu's ghost
  7446 | D:8      | Reached skill level 9 in Armour
  7451 | D:8      | Noticed Gargoyl's ghost (novice DsAK)
  8281 | D:9      | Noticed Joseph
  8314 | D:9      | Banished Joseph
  8728 | D:9      | Gained mutation: When low on magic, you restore magic in place of health. [demonic ancestry]
  8728 | D:9      | Reached XP level 10. HP: 68/77 MP: 12/12
  9707 | D:9      | Noticed Gastronok
  9993 | D:8      | Banished Gargoyl's ghost
  9993 | D:8      | Reached skill level 10 in Armour
  9993 | D:8      | Reached skill level 5 in Dodging
 10178 | D:8      | Noticed a three-headed hydra
 10186 | D:8      | Banished a three-headed hydra
 11413 | D:8      | Found a staircase to the Lair.
 11496 | Lair:1   | Entered Level 1 of the Lair of Beasts
 11496 | Lair:1   | Noticed a black mamba
 11507 | D:8      | Killed a black mamba
 11507 | D:8      | Reached XP level 11. HP: 40/86 MP: 11/14
 13347 | Lair:2   | Noticed Erica
 13368 | Lair:2   | Killed Erica
 13368 | Lair:2   | Reached skill level 11 in Armour
 15639 | Lair:3   | Noticed a five-headed hydra
 15640 | Lair:3   | Banished a five-headed hydra
 16034 | Lair:3   | Reached skill level 5 in Invocations
 16671 | Lair:3   | Found a staircase to the Swamp.
 16889 | Lair:4   | Noticed Leafly's ghost (journeyman DsFi)
 18570 | Lair:4   | Banished Leafly's ghost
 18648 | Lair:4   | Reached XP level 12. HP: 44/95 MP: 11/16
 18992 | Lair:4   | Noticed a five-headed hydra
 19552 | Lair:4   | Killed a five-headed hydra
 19552 | Lair:4   | Reached skill level 12 in Armour
 20647 | Lair:4   | Reached skill level 1 in Stealth
 20920 | Lair:4   | Noticed a naga warrior
 21058 | Lair:3   | Killed a naga warrior
 21386 | Lair:4   | Found a staircase to the Snake Pit.
 22782 | Lair:5   | Noticed a five-headed hydra
 22789 | Lair:5   | Banished a five-headed hydra
 24161 | Lair:6   | Reached skill level 13 in Armour
 24199 | Lair:6   | Reached skill level 10 in Axes
 25469 | D:9      | Banished Gastronok
 25678 | D:10     | Entered Level 10 of the Dungeon
 25833 | D:10     | Reached skill level 10 in Fighting
 25911 | D:10     | Gained mutation: You have claws for feet. [demonic ancestry]
 25911 | D:10     | Reached XP level 13. HP: 71/103 MP: 18/18
 26283 | D:10     | Noticed zervinho's ghost (novice DrIE)
 26516 | D:10     | Banished zervinho's ghost
 26597 | D:10     | Noticed Sonja
 26606 | D:10     | Cast into level 1 of the Abyss (Sonja)
 26628 | D:10     | Escaped the Abyss
 27048 | D:10     | Cast into level 2 of the Abyss (Sonja)
 27057 | D:10     | Escaped the Abyss
 27701 | D:10     | Banished Sonja
 28484 | D:11     | Found a staircase to the Orcish Mines.
 28980 | D:11     | Noticed Harold
 28996 | D:11     | Killed Harold
 29269 | D:11     | Found Haczuk's Antique Armour Emporium.
 29429 | D:11     | Found a roughly hewn altar of Beogh.
 29445 | D:11     | Reached ***** piety under Lugonu
 29509 | D:12     | Found a flickering gateway to a bazaar.
 29540 | Bazaar   | Entered a bazaar
 29540 | Bazaar   | Found Ereffi's Antique Armour Emporium.
 29630 | Bazaar   | Found Azocs's Weapon Shop.
 29638 | Bazaar   | Found Awnosiog's General Store.
 29646 | Bazaar   | Found Zaacom's Food Boutique.
 29654 | Bazaar   | Found Paecimn's Antique Armour Shoppe.
 29684 | Bazaar   | Bought a dazzling cloak for 313 gold pieces
 29710 | Bazaar   | Identified the +1 cloak of the Saviour {+Fly rC++ Str+3} (You bought it in a shop in a bazaar)
 29726 | Bazaar   | Bought an embroidered hat for 92 gold pieces
 29958 | D:12     | Reached skill level 1 in Shields
 29965 | D:12     | Reached skill level 14 in Armour
 31013 | D:13     | Noticed Leafly's ghost (journeyman DsFi)
 31034 | D:13     | Killed Leafly's ghost
 31469 | D:13     | Gained mutation: Your spells are a little harder to cast, but a little more powerful. [mutagenic meat]
 31470 | D:13     | Gained mutation: Your body sometimes deteriorates upon taking damage. [mutagenic meat]
 31471 | D:13     | Gained mutation: Your movements are slightly less encumbered by armour (ER -2). [mutagenic meat]
 31472 | D:13     | Gained mutation: Your body often deteriorates upon taking damage. [mutagenic meat]
 31473 | D:13     | Gained mutation: You have sharp fingernails. [mutagenic meat]
 31862 | D:13     | Gained mutation: You are resistant to electric shocks. [mutagenic meat]
 31863 | D:13     | Gained mutation: You are somewhat resistant to further mutation. [mutagenic meat]
 32621 | D:13     | Reached XP level 14. HP: 113/113 MP: 19/19
 32632 | D:14     | Noticed Josephine
 32638 | D:14     | Killed Josephine
 32746 | D:13     | Gained mutation: You have very sharp fingernails. [mutagenic meat]
 32986 | D:13     | Lost mutation: Your body often deteriorates upon taking damage. [mutagenic meat]
 33387 | D:14     | Noticed Snorg
 33430 | D:14     | Reached ****** piety under Lugonu
 33430 | D:14     | Banished Snorg
 33883 | D:14     | Found a glowing silver altar of Zin.
 33883 | D:14     | Noticed an angel
 34019 | D:14     | Gained mutation: You expend magic power (3 MP) to strengthen your wands. [mutagenic meat]
 34025 | D:14     | Gained mutation: You have a pair of small horns on your head. [mutagenic meat]
 34417 | D:14     | Lost mutation: You are somewhat resistant to further mutation. [mutagenic meat]
 34418 | D:14     | Gained mutation: You are occasionally teleported next to monsters. [mutagenic meat]
 34419 | D:14     | Gained mutation: You are clumsy. (Dex -2) [mutagenic meat]
 34629 | D:14     | Found a gate to the Vaults.
 34764 | Orc:1    | Entered Level 1 of the Orcish Mines
 35103 | Orc:2    | Entered Level 2 of the Orcish Mines
 35765 | Orc:2    | Found a staircase to the Elven Halls.
 35778 | Elf:1    | Entered Level 1 of the Elven Halls
 35781 | Elf:1    | Reached skill level 1 in Evocations
 35813 | Elf:1    | Reached skill level 15 in Armour
 36100 | Elf:3    | Entered Level 3 of the Elven Halls
 36478 | Elf:3    | Noticed a deep elf elementalist
 36478 | Elf:3    | Noticed a deep elf sorcerer
 36478 | Elf:3    | Noticed a deep elf blademaster
 36478 | Elf:3    | Noticed a deep elf sorcerer
 36479 | Elf:3    | Noticed a deep elf sorcerer
 36628 | Elf:1    | HP: 2/114 [deep elf archer/arrow (8)]
 36629 | Elf:1    | Shot with an arrow by a deep elf archer

Skill      XL: |  1  2  3  4  5  6  7  8  9 10 11 12 13 14 |
---------------+-------------------------------------------+-----
Dodging        | 1 2 3 4 5 6 |  6.1
Axes           | 2 3 4 5 6 7 9 10 11 12 | 12.3
Armour         | 2 3 4 5 7 9 10 11 13 14 15 | 15.2
Fighting       | 4 5 6 7 9 10 11 | 11.8
Invocations    | 3 4 6 7 |  7.2
Stealth        | 1 |  1.2
Shields        | 2 4 |  4.1
Evocations     | 1 |  1.5
Maces & Flails | |  0.5

Action                   |  1- 3 |  4- 6 |  7- 9 | 10-12 | 13-15 || total
-------------------------+-------+-------+-------+-------+-------++-------
Melee: Hand axe          |   108 |   193 |   231 |       |       ||   532
       Kick              |    18 |    25 |       |       |   258 ||   301
       Broad axe         |       |       |   327 |  1081 |   883 ||  2291
       Great mace        |       |       |       |    15 |     3 ||    18
       Headbutt          |       |       |       |       |    50 ||    50
Throw: Tomahawk          |       |       |       |     4 |       ||     4
Invok: Depart the Abyss  |     1 |       |       |       |     2 ||     3
       Banish            |       |       |     4 |    21 |     4 ||    29
       Bend Space        |       |       |       |     1 |     2 ||     3
 Abil: Evoke Berserk Rag |       |       |       |       |     2 ||     2
Evoke: Wand              |       |       |     9 |     9 |    10 ||    28
       Deck              |       |       |       |       |     2 ||     2
  Use: Scroll            |     2 |       |    24 |    15 |    23 ||    64
       Potion            |       |     1 |    18 |     7 |     8 ||    34
 Stab: Invisible         |       |       |       |     1 |       ||     1
  Eat: Chunk             |     4 |     5 |    17 |    18 |    53 ||    97
       Royal jelly       |       |       |     1 |     1 |       ||     2
       Bread ration      |       |       |     1 |       |     1 ||     2
       Fruit             |       |       |       |    32 |     4 ||    36
       Meat ration       |       |       |       |     2 |     2 ||     4
       Beef jerky        |       |       |       |     1 |     1 ||     2
       Pizza             |       |       |       |       |     2 ||     2
Armor: Leather armour    |    14 |       |       |       |       ||    14
       Scale mail        |    32 |   105 |       |       |       ||   137
       Chain mail        |       |    18 |   483 |   231 |       ||   732
       Plate armour      |       |       |       |   735 |   812 ||  1547
Dodge: Dodged            |    58 |   117 |   257 |   550 |   513 ||  1495
Block: Buckler           |       |       |       |    25 |   173 ||   198
       Shield            |       |       |       |       |   153 ||   153
